AoeStats
← Cuchodark_79

Arena

510037512Analyzed
1v1 RM · 3d ago on Sep 29, 2026· 32m 5s· 2 players
Game mode
Random Map
Map size
Tiny (2 player)
Population
200
Speed
Normal
Resources
Standard
Victory
Conquest
Starting age
Dark Age
Ending age
Imperial Age
RankedLock teamsTeams togetherTeam positionsShared explorationLock speedFull tech treeHidden civsTurbo modeCheats
Victory
Defeat
🇦🇷 Mongols · Argentina
1056
+17
🇨🇱 Mapuche · Chile
1084
-17
Nordico12
11:42 Feudal Age
16:06 Castle Age
14:17 Loom
15:05 Double-Bit Axe
15:03 Horse Collar
17:24 Fletching
23:21 Bodkin Arrow
29:43 Imperial Age
30:19 Padded Archer Armor
Cuchodark_79
7:44 Loom
10:15 Feudal Age
14:40 Castle Age
13:30 Double-Bit Axe
14:08 Gold Mining
14:25 Gold Mining
14:43 Stone Mining
24:22 Bow Saw
23:54 Horse Collar
26:46 Fletching
31:56 Imperial Age
29:29 Heavy Plow
30:06 Bodkin Arrow
Connection lost

Rejoining the realm…

Still unreachable

The connection could not be restored.

Session expired

The server has moved on; the page needs a fresh start.